 Dungeon Crawl Stone Soup version 0.28-a0-909-g796cbd3a86 (webtiles) character file.

Game seed: 6312929520712052120

11259 Tarias the Zephyrmancer (level 11, -5/63 HPs)
             Began as a Tengu Air Elementalist on Nov 24, 2021.
             Was a Believer of Vehumet.
             Slain by a shadow (13 damage)
             ... on level 10 of the Dungeon.
             The game lasted 01:02:11 (21562 turns).

Tarias the Zephyrmancer (Tengu Air Elementalist)   Turns: 21562, Time: 01:02:11

Health: -5/63      AC:  4    Str: 10    XL:     11   Next: 74%
Magic:  22/24      EV: 14    Int: 24    God:    Vehumet [**....]
Gold:   617        SH:  5    Dex: 14    Spells: 13/26 levels left

rFire   . . .      SeeInvis .   a - +9 staff of Olgreb {rPois∞}
rCold   . . .      Faith    .   H - +0 buckler
rNeg    . . .      Spirit   .   q - +0 leather armour {Will+}
rPois   ∞          Reflect  .   (helmet restricted)
rElec   .          Harm     .   G - scarf {repulsion}
rCorr   .          Rampage  .   x - +0 pair of gloves
Will    ++...                   (boots unavailable)
Stlth   ++........              (no amulet)
HPRegen 0.20/turn               f - +6 ring of intelligence
MPRegen 0.19/turn               s - ring of willpower

@: flying quickly and evasively, hasted and slowed, repel missiles, quick
A: beak, talons 3, nimble flight
a: Renounce Religion, Evoke the Staff of Olgreb


You were on level 10 of the Dungeon.
You worshipped Vehumet.
Vehumet was pleased with you.
You visited 2 branches of the dungeon, and saw 12 of its levels.

You collected 617 gold pieces.

Inventory:

Hand Weapons
 a - the +9 staff of Olgreb (weapon) {rPois∞}
   (You found it on level 7 of the Dungeon)

   If the wielder is skilled in Evocations, they can envenom those struck by it,
   dealing poison damage which bypasses armour.
   It enhances your poison magic.
   It grants immunity to poison.
   It can be evoked to radiate toxic energy, with effectiveness depending on
   Evocations skill.
 b - a +5 vorpal spear
 h - a +2 mace of protection
Missiles
 l - 54 poisoned darts
 t - 4 curare-tipped darts (quivered)
Armour
 q - a +0 leather armour of willpower (worn)
 r - a +1 robe
 x - a +0 pair of gloves (worn)
 C - a +0 cloak
 E - a +1 kite shield of poison resistance
 G - a scarf of repulsion (worn)
 H - a +0 buckler (worn)
Jewellery
 f - a +6 ring of intelligence (left hand)
 s - a ring of willpower (right hand)
 v - a ring of protection from fire
Wands
 d - a wand of paralysis (4)
 j - a wand of iceblast (12)
 p - a wand of digging (1)
 u - a wand of charming (10)
Scrolls
 e - 2 scrolls of teleportation
 i - a scroll of noise {unknown}
 k - a scroll of enchant armour
 n - 2 scrolls of amnesia
 y - a scroll of immolation {unknown}
Potions
 c - a potion of mutation
 g - 4 potions of might
 m - 6 potions of curing
 w - a potion of invisibility
 A - a potion of resistance {unknown}
 B - a potion of attraction
 D - a potion of ambrosia


   Skills:
 - Level 5.0 Fighting
 - Level 5.0 Armour
 - Level 2.1 Dodging
 - Level 4.0 Stealth
 + Level 4.9 Shields
 - Level 8.0 Spellcasting
 - Level 8.0 Conjurations
 - Level 12.0 Air Magic
 + Level 8.4 Poison Magic


You had 13 spell levels left.
You knew the following spells:

 Your Spells              Type           Power      Damage    Failure   Level
a - Shock                 Conj/Air       100%       1d9       1%          1
b - Static Discharge      Conj/Air       55%        N/A       1%          2
c - Poisonous Vapours     Pois/Air       100%       N/A       1%          2
d - Airstrike             Air            30%        N/A       1%          4
e - Olgreb's Toxic Radia  Pois           66%        N/A       2%          4

Your spell library contained the following spells:

 Spells                   Type           Power      Damage    Failure   Level
 Magic Dart               Conj           100%       1d8       1%          1
 Corpse Rot               Necr/Air       76%        N/A       1%          2
 Swiftness                Air            61%        N/A       1%          3
 Scorch                   Fire           18%        2d6       13%         2
 Silence                  Hex/Air        19%        N/A       21%         5
 Inner Flame              Hex/Fire       9%         N/A       26%         3
 Cause Fear               Hex            4%         N/A       63%         4
 Passage of Golubria      Tloc           9%         N/A       63%         4
 Summon Ice Beast         Ice/Summ       9%         N/A       63%         4
 Summon Mana Viper        Hex/Summ       9%         N/A       93%         5
 Monstrous Menagerie      Summ           4%         N/A       100%        7
 Ozocubu's Refrigeration  Ice            4%         4d5       100%        7
 Borgnjor's Revivificati  Necr           4%         N/A       100%        8
 Discord                  Hex            4%         N/A       100%        8
 Ignition                 Fire           4%         3d4       100%        8
 Lehudib's Crystal Spear  Conj/Erth      14%        10d5      100%        8
 Necromutation            Tmut/Necr      4%         N/A       100%        8
 Death's Door             Necr           4%         N/A       100%        9


Dungeon Overview and Level Annotations

Branches:
Dungeon (11/15)            Temple (1/1) D:6             Orc (0/2) D:10
   Lair: D:8-11

Altars:
Ashenzari
Cheibriados
Dithmenos
Elyvilon
Fedhas
Gozag
Hepliaklqana
Kikubaaqudgha
Makhleb
Nemelex Xobeh
Okawaru
Qazlal
Ru
Sif Muna
Trog
Uskayaw
Vehumet
Wu Jian
Xom
Yredelemnul
Zin
The Shining One

Shops:
D:8 (

Annotations:
D:8 1 runed translucent door, 629fm's ghost, novice MiBe
D:10 exclusions: earth elemental, gargoyle and 1 more exclusion
D:11 Harold


Innate Abilities, Weirdness & Mutations

You have a beak for a mouth.
You have claws for feet.
Your magical nature lets you fly swiftly and evasively.


Message History

You see here a +0 whip.
Casting: Airstrike (dangerous; 1% risk of failure)
Confirm with . or Enter, or press ? or * to list all spells.
You can't see any susceptible monsters within range! (Use Z to cast anyway.)
Casting: Airstrike (dangerous; 1% risk of failure)
Confirm with . or Enter, or press ? or * to list all spells.
You can't see any susceptible monsters within range! (Use Z to cast anyway.) Unknown command.
Casting: Airstrike (dangerous; 1% risk of failure)
Confirm with . or Enter, or press ? or * to list all spells.
Aiming: Airstrike (dangerous; 1% risk of failure)
Press: ? - help, Dir - move target, f - wraith
Aim: a wraith (empty space bonus: 3/8)
The air twists around and strikes the wraith.
The wraith is lightly damaged.
The shadow strikes at you from the darkness!
The wraith hits you!
* * * LOW HITPOINT WARNING * * *
The wraith drains your vigour!
You feel as though you will be slow longer.
The shadow strikes at you from the darkness!
* * * LOW HITPOINT WARNING * * *
Reactivating autopickup.
You feel much better. The wraith barely misses you.
The shadow slips into darkness.
The shadow flickers and vanishes!
Deactivating autopickup; reactivate with Ctrl-A.
You feel yourself speed up. The wraith hits you but does no damage.
The shadow strikes at you from the darkness!
* * * LOW HITPOINT WARNING * * *
Reactivating autopickup.
The wraith hits you!
* * * LOW HITPOINT WARNING * * *
The shadow hits you!
* * * LOW HITPOINT WARNING * * *
The shadow slips into darkness.
The shadow flickers and vanishes!
Deactivating autopickup; reactivate with Ctrl-A.
The shadow strikes at you from the darkness!
You die...

......##.#)..####
......####...##.##
####..###).......##
###.....#.[.......##
........#..........###
##.####..)...........### ####
####.)........##.# ###
#.########.............## #.##
..#.....##....W.@<......###..##
#...#.#.#.........#.##...#....#
##.....#.#........###....#....#
.##..#.###........#...........##
......####.....................#
#.......##.........#..........###
..##.##..#.....##..##...........#
#....#..###...####..#..........##
..#####.##....#.##...........###


You could see a wraith.

Vanquished Creatures
  2 centaur warriors (D:11)
  2 two-headed ogres
  A tengu warrior (D:9)
  3 cyclopes
  A centaur zombie (D:11)
  A gargoyle (D:10)
  A tengu conjurer (D:9)
  A wraith (D:10)
  6 yaks
  2 shadows
  A water elemental (D:10)
  Eustachio (D:4)
  A fire elemental (D:10)
  Edmund (D:5)
  5 water moccasins
  Duvessa (D:5)
  An orc warrior (D:7)
  4 ice beasts
  2 centaurs
  A necrophage (D:5)
  5 ogres (D:6)
  A kobold brigand (D:5)
  3 phantoms
  4 bullfrogs
  Blork the orc (D:5)
  2 gnoll sergeants
  8 scorpions
  Dowan (D:5)
  4 troll zombies (D:10)
  A water moccasin skeleton (D:5)
  12 killer bees (D:7)
  A bullfrog zombie (D:6)
  4 hounds
  2 orc priests
  A bullfrog skeleton (D:6)
  An iguana (D:5)
  6 orc wizards
  A killer bee zombie (D:6)
  2 ogre zombies (D:10)
  A howler monkey zombie (D:8)
  14 gnolls
  A howler monkey skeleton (D:5)
  14 adders
  A white imp (D:7)
  An adder zombie (D:5)
  2 worms
  4 dart slugs
  25 orcs
  2 bats (D:2)
  4 endoplasms
  A giant cockroach (D:4)
  7 goblins
  5 hobgoblins
  6 jackals
  7 kobolds
  3 quokkas
  8 ball pythons
  3 frilled lizards
  2 goblin skeletons (D:10)
  2 hobgoblin skeletons (D:10)
  2 orc skeletons (D:10)
  13 orc zombies (D:10)
  4 rats
230 creatures vanquished.

Vanquished Creatures (others)
  2 fungi (D:11)
  21 plants
23 creatures vanquished.

Grand Total: 253 creatures vanquished

Notes
Turn   | Place    | Note
-------+----------+-------------------------------------------
     0 | D:1      | Tarias the Tengu Air Elementalist began the quest for the
                  | Orb.
     0 | D:1      | Reached XP level 1. HP: 10/10 MP: 4/4
   742 | D:1      | Reached XP level 2. HP: 10/15 MP: 3/6
  1230 | D:1      | Learned a level 2 spell: Static Discharge
  1292 | D:1      | Reached XP level 3. HP: 19/19 MP: 1/7
  1419 | D:1      | Found a faded altar of an unknown god.
  2332 | D:2      | Reached XP level 4. HP: 23/24 MP: 6/8
  2345 | D:2      | Reached skill level 5 in Air Magic
  3851 | D:3      | Gained mutation: Your magical nature lets you fly swiftly
                  | and evasively. [Tengu growth]
  3851 | D:3      | Reached XP level 5. HP: 25/28 MP: 4/9
  5251 | D:4      | Noticed Eustachio
  5382 | D:4      | Noticed a phantom
  5495 | D:4      | Learned a level 2 spell: Poisonous Vapours
  5552 | D:4      | Reached XP level 6. HP: 32/32 MP: 5/10
  5729 | D:4      | Reached skill level 6 in Air Magic
  5729 | D:4      | Reached skill level 1 in Poison Magic
  5841 | D:4      | Killed Eustachio
  5842 | D:4      | Reached XP level 7. HP: 26/36 MP: 1/12
  6219 | D:4      | Reached skill level 5 in Conjurations
  6673 | D:5      | Entered Level 5 of the Dungeon
  6893 | D:5      | Noticed Blork the orc
  6934 | D:5      | Killed Blork the orc
  7203 | D:5      | Reached skill level 7 in Air Magic
  7398 | D:5      | Noticed Edmund
  7413 | D:5      | Killed Edmund
  7414 | D:5      | Reached XP level 8. HP: 41/41 MP: 6/15
  7487 | D:5      | Noticed Dowan
  7492 | D:5      | Noticed Duvessa
  7514 | D:5      | Killed Dowan
  7717 | D:5      | Killed Duvessa
  9015 | D:6      | Noticed a shadow
  9449 | D:6      | Reached skill level 8 in Air Magic
 10144 | D:6      | Reached skill level 5 in Spellcasting
 10144 | D:6      | Reached XP level 9. HP: 45/45 MP: 9/17
 10377 | D:6      | Reached skill level 5 in Poison Magic
 10539 | D:6      | Found a staircase to the Ecumenical Temple.
 10639 | Temple   | Entered the Ecumenical Temple
 10969 | Temple   | Became a worshipper of Vehumet
 11009 | D:6      | Reached skill level 9 in Air Magic
 11043 | D:6      | Learned a level 4 spell: Airstrike
 11101 | D:6      | Reached skill level 1 in Fighting
 11813 | D:7      | Found a hide-covered altar of Uskayaw.
 12429 | D:7      | Found the +9 staff of Olgreb {rPois∞}
 12463 | D:7      | Found a runed translucent door.
 12470 | D:7      | Found a runed translucent gate.
 12470 | D:7      | Found a runed translucent gate.
 12471 | D:7      | Found a runed translucent door.
 12482 | D:7      | Found a runed translucent gate.
 12931 | D:7      | Reached skill level 10 in Air Magic
 13967 | D:7      | Reached XP level 10. HP: 55/56 MP: 12/20
 14494 | D:7      | Reached skill level 11 in Air Magic
 14499 | D:7      | Reached * piety under Vehumet
 14499 | D:7      | Offered knowledge of Foxfire by Vehumet.
 14827 | D:7      | Learned a level 4 spell: Olgreb's Toxic Radiance
 14947 | D:8      | Got A Primer on Rites and Rhymes
 15001 | D:8      | Found Hanusal's Weapon Boutique.
 15224 | D:8      | Found a runed translucent door.
 15224 | D:8      | Found a shimmering altar of Xom.
 15224 | D:8      | Noticed 629fm's ghost (novice MiBe)
 15225 | D:8      | Noticed a +0 trident of chaos
 15687 | D:9      | Noticed a two-headed ogre
 15693 | D:9      | Killed a two-headed ogre
 15694 | D:9      | Reached skill level 5 in Fighting
 15917 | D:9      | Noticed a cyclops
 16429 | D:9      | Noticed a cyclops
 16528 | D:9      | Noticed a tengu warrior
 16532 | D:9      | Killed a tengu warrior
 16533 | D:9      | Reached skill level 1 in Armour
 16722 | D:9      | Killed a cyclops
 16938 | D:9      | Killed a cyclops
 16939 | D:9      | Reached skill level 12 in Air Magic
 17142 | D:10     | Entered Level 10 of the Dungeon
 17152 | D:9      | Reached XP level 11. HP: 18/63 MP: 9/23
 17622 | D:9      | Reached skill level 1 in Shields
 17904 | D:10     | Found a large runed translucent door.
 17904 | D:10     | Found a large runed translucent door.
 18020 | D:10     | Found a staircase to the Orcish Mines.
 19341 | D:10     | Reached ** piety under Vehumet
 19341 | D:10     | Offered knowledge of Magic Dart by Vehumet.
 20361 | D:11     | Noticed Harold
 20361 | D:11     | Noticed a two-headed ogre
 20528 | D:11     | Noticed a two-headed ogre
 20551 | D:10     | Killed a two-headed ogre
 20797 | D:11     | Noticed a cyclops
 20798 | D:11     | Noticed a centaur warrior
 20802 | D:11     | Killed a centaur warrior
 20803 | D:11     | Reached skill level 5 in Armour
 20804 | D:11     | Noticed a centaur warrior
 20933 | D:11     | Killed a cyclops
 21354 | D:11     | Killed a centaur warrior
 21562 | D:10     | Slain by a shadow

Illustrated notes

Levels and vault maps discovered:
D:1:      dpeg_arrival_radiant, layout_basic, serial_forest,
          infiniplex_forest_clump_medium, infiniplex_forest_clump_small,
          infiniplex_forest_end_1, infiniplex_forest_end_double,
          infiniplex_forest_clump_tiny, infiniplex_forest_straight_1,
          infiniplex_forest_lined_3_way, basic_ecumenical_altar
D:2:      layout_rooms
D:3:      minmay_door_path, layout_basic
D:4:      layout_loops_ring, minmay_bisected, uniq_eustachio
D:5:      layout_basic, uniq_duvessa, uniq_edmund, uniq_blork_the_orc
D:6:      layout_gridville, minmay_temple_entry_junction, minmay_fountain_box
D:7:      layout_layer_cave, mainiacjoe_overflow_tiny_flanked,
          minmay_guarded_unrand_staff_of_olgreb
D:8:      layout_loops_ring, serial_shops, nicolae_shop_stone, ebering_ghost_xom
D:9:      layout_basic
D:10:     layout_cave_pools, zombieorc1_lemuel, lightli_elemental_guards
D:11:     layout_small_grid, minmay_lair_entry_grove, minmay_ruined_shrine,
          uniq_harold, uniq_sonja
Temple:   compressed_dpeg_triangle_lava_temple

Skill      XL: |  1  2  3  4  5  6  7  8  9 10 11 |
---------------+----------------------------------+-----
Conjurations   | 2 3 4 5 7 8 |  8.0
Stealth        | 3 4 |  4.0
Air Magic      | 5 6 7 8 10 12 | 12.0
Poison Magic   | 1 3 4 5 6 8 |  8.4
Spellcasting   | 3 4 5 6 7 8 |  8.0
Fighting       | 3 5 |  5.0
Armour         | 3 5 |  5.0
Shields        | 4 |  4.9
Dodging        | |  2.1

Action                   |  1- 3 |  4- 6 |  7- 9 | 10-12 || total
-------------------------+-------+-------+-------+-------++-------
Melee: Spear             |     1 |    23 |    56 |       ||    80
       Kick              |     1 |     1 |    15 |     2 ||    19
       Dagger            |     1 |       |       |       ||     1
       Peck              |       |     1 |     5 |     2 ||     8
       Mace              |       |       |    10 |       ||    10
       Staff             |       |       |     1 |    13 ||    14
 Cast: Shock             |    53 |    67 |    46 |     7 ||   173
       Poisonous Vapours |       |     5 |    75 |    71 ||   151
       Static Discharge  |       |       |    20 |     7 ||    27
       Airstrike         |       |       |     9 |   110 ||   119
       Olgreb's Toxic Ra |       |       |       |     2 ||     2
  Use: Scroll            |       |     8 |     9 |     3 ||    20
       Potion            |       |       |     1 |     4 ||     5
 Stab: Sleeping          |       |     1 |     5 |       ||     6
Armor: Robe              |     4 |     6 |    20 |     5 ||    35
       Leather armour    |       |       |       |    32 ||    32
Dodge: Dodged            |    28 |    23 |    57 |    65 ||   173
       Repelled          |       |       |       |     1 ||     1
Block: Kite shield       |       |       |       |     3 ||     3
       Buckler           |       |       |       |    19 ||    19

Table legend: (Time is in decaauts)
 A = Elapsed time spent in this place.
 B = Non-inter-level travel time spent in this place.
 C = Inter-level travel time spent in this place.
 D = Time resting spent in this place.
 E = Time spent auto-exploring this place.
 F = Levels seen in this place.
 G = Mean time per level.
                   A        B        C        D        E       F      G
               +--------+--------+--------+--------+--------+-----+--------+
         Total |  20906 |  20338 |    568 |  11967 |   5328 |  12 | 1742.2 |
       Dungeon |  20594 |  20038 |    556 |  11967 |   5095 |  11 | 1872.2 |
        Temple |    311 |    299 |     12 |      0 |    232 |   1 |  311.0 |
               +--------+--------+--------+--------+--------+-----+--------+

Top non-repeatable levels by time:
    D:10: 3742 daAuts
     D:7: 3061 daAuts
     D:5: 2434 daAuts
     D:6: 2129 daAuts
     D:1: 2034 daAuts
     D:9: 1718 daAuts
     D:4: 1653 daAuts
     D:2: 1435 daAuts
     D:3: 1406 daAuts
     D:8: 911 daAuts
  Temple: 311 daAuts
    D:11: 68 daAuts
